 Dungeon Crawl Stone Soup version 0.22.1-2-g9c5b331383 (webtiles) character file.

76945 Ihlosi the Warrior (level 16, -27/136 HPs)
             Began as a Human Gladiator on Nov 24, 2018.
             Was a High Priest of the Shining One.
             Annihilated by a titanic slime creature (89 damage)
             ... on level 12 of the Dungeon.
             The game lasted 01:44:17 (25756 turns).

Ihlosi the Warrior (Human Gladiator)               Turns: 25756, Time: 01:44:18

Health: -27/136    AC: 17    Str: 18    XL:     16   Next: 3%
Magic:  22/22      EV: 20    Int: 14    God:    the Shining One [*****.]
Gold:   1186       SH:  0    Dex: 20    Spells: 15/15 levels left

rFire    . . .     SeeInvis .   a - +7 triple sword (flame)
rCold    . . .     Gourm    .   (shield currently unavailable)
rNeg     + + .     Faith    .   S - +0 troll leather armour
rPois    +         Spirit   .   N - +2 helmet of Filth {MR++ Int+4}
rElec    .         Reflect  .   v - +0 cloak
rCorr    .         Harm     .   q - +2 pair of gloves {Dex+3}
MR       +++..                  M - +2 pair of boots {Stlth+}
Stlth    ++........             x - amulet of rage
HPRegen  0.72/turn              u - ring of stealth
MPRegen  0.18/turn              I - ring of poison resistance

@: about to teleport, glowing
A: no striking features
a: Divine Shield, Cleansing Flame, Summon Divine Warrior, Renounce Religion,
Evoke Berserk Rage


You were on level 12 of the Dungeon.
You worshipped the Shining One.
The Shining One was extremely pleased with you.
You were not hungry.

You visited 4 branches of the dungeon, and saw 21 of its levels.
You also visited: Sewer, Bailey and Ice Cave.

You collected 2464 gold pieces.
You spent 1278 gold pieces at shops.

Inventory:

Hand Weapons
 a - a +7 triple sword of flaming (weapon)
 b - a +4 great sword of freezing
 G - a +3 arbalest of freezing
 T - a +2 falchion of electrocution
Missiles
 i - a throwing net (quivered)
 j - 143 bolts
Armour
 q - a +2 pair of gloves of dexterity (worn)
 v - a +0 cloak (worn)
 E - a scarf of repulsion
 M - a +2 pair of boots of stealth (worn)
 N - the +2 helmet of Filth (worn) {MR++ Int+4}
   (You bought it in a shop on level 2 of the Orcish Mines)

   It affects your intelligence (+4).
   It affects your resistance to hostile enchantments.
 S - a +0 troll leather armour (worn)
Jewellery
 u - a ring of stealth (left hand)
 x - an amulet of rage (around neck)
 y - the ring "Selurph" {Ice SInv}
   (You acquired it in an ice cave)

   [ring of ice]

   It enhances your ice magic.
   It makes you vulnerable to fire.
   It protects you from cold.
   It lets you see invisible.
 I - a ring of poison resistance (right hand)
 P - an uncursed ring of protection from fire
 U - an uncursed amulet of the acrobat
Wands
 c - a wand of enslavement (14)
 o - a wand of acid (3)
 t - a wand of polymorph (32)
 z - a wand of paralysis (1)
 B - a wand of flame (57)
 D - a wand of iceblast (9)
 F - a wand of scattershot (4)
 O - a wand of digging (25)
Scrolls
 d - 8 scrolls of identify
 h - 5 scrolls of teleportation
 k - 4 scrolls of amnesia
 m - 2 scrolls of fog
 w - a scroll of brand weapon
 C - 5 scrolls of remove curse
 J - 4 scrolls of blinking
 Q - a scroll of immolation
 V - a scroll of enchant armour
 X - a scroll of enchant weapon
Potions
 e - 8 potions of haste
 g - a potion of invisibility
 l - 4 potions of mutation
 n - 5 potions of flight
 p - a potion of magic
 r - a potion of berserk rage
 s - 2 potions of brilliance
 A - 2 potions of lignification
 K - 2 potions of heal wounds
 L - 6 potions of curing
 R - 2 potions of might
 Z - a potion of cancellation
Miscellaneous
 W - a fan of gales
Comestibles
 f - 42 rations


   Skills:
 * Level 15.1 Fighting
 + Level 14.2 Long Blades
 * Level 5.8 Crossbows
 - Level 2.0 Throwing
 * Level 9.8 Armour
 * Level 9.7 Dodging
 - Level 1.0 Stealth
 * Level 8.3 Invocations
 - Level 6.0 Evocations


You had 15 spell levels left.
You didn't know any spells.
Your spell library contained the following spells:

 Spells                   Type           Power        Failure   Level  Hunger
 Ice Form                 Ice/Tmut       #.......     97%         4    #####..
 Metabolic Englaciation   Hex/Ice        #.........   100%        5    ######.
 Bolt of Cold             Conj/Ice       #.........   100%        6    #######
 Freezing Cloud           Conj/Ice/Air   #.........   100%        6    #######
 Ozocubu's Refrigeration  Ice            #.........   100%        6    #######
 Simulacrum               Ice/Necr       #.........   100%        6    #######


Dungeon Overview and Level Annotations

Branches:
Dungeon (12/15)            Temple (1/1) D:4            Lair (6/6) D:10
 Shoals (0/4) Lair:4       Spider (0/4) Lair:2        Slime (0/5) Lair:6
    Orc (2/2) D:10            Elf (0/3) Orc:2

Altars:
Ashenzari
Cheibriados
Dithmenos
Elyvilon
Fedhas
Gozag
Hepliaklqana
Kikubaaqudgha
Makhleb
Nemelex Xobeh
Okawaru
Qazlal
Ru
Sif Muna
Trog
Uskayaw
Vehumet
Wu Jian
Xom
Yredelemnul
Zin
The Shining One
Beogh

Shops:
D:4 (   D:8 (   D:11 *%([   Orc:2 [:*(

Annotations:
D:6 Jelly pit, exclusions: oklob plant and 1 more exclusion
Lair:1 1 runed door, Pray4Patrick's ghost, novice DrBe


Message History

The titanic slime creature barely misses you.
You riposte.
You hit the titanic slime creature. You burn the titanic slime creature.
The titanic slime creature is severely wounded.
Press: ? - help, v - describe, . - travel The floor.
This square is lit by a halo.
You slash the titanic slime creature! You burn the titanic slime creature.
The titanic slime creature is almost dead.
The titanic slime creature hits you.
You slice the titanic slime creature!! You burn the titanic slime creature.
The titanic slime creature is almost dead.
The titanic slime creature hits you!!!!
Ouch! That really hurt!
The titanic slime creature misses you.
As you read the scroll of teleportation, it crumbles to dust.
You feel strangely unstable. The titanic slime creature hits you!!!!
Ouch! That really hurt!
You die...

#......##
##.##
#.##....# ###
##.###...##
####..####..(#
#.#....####.=#
#..###..######
#..# ##...###
### ##..##
###...## ##.##
#....#
###.@###
#...## ###
#....#
###J.####....#
#.. #....#
###..#.....##
#. #....#
###.......##
#. ##..##
##...[....###†
#..#
#............#
#.##
#..........###
#.#
#..........##
###
#...........#


You could see a titanic slime creature.

Vanquished Creatures
  Kirke (Lair:6)
  A frost giant (IceCv)
  2 orc warlords
  4 dire elephants (Lair:6)
  9 hydras
  Fannar (D:11)
  An anaconda (Lair:6)
  A catoblepas (Lair:5)
  A death knight (D:12)
  A two-headed ogre (D:9)
  5 death yaks
  6 orc knights
  A lindwurm (Lair:5)
  3 orc sorcerers (Orc:2)
  An ugly thing (D:11)
  A manticore (D:11)
  A merfolk siren (Lair:4)
  14 elephants
  2 cyclopes
  A black mamba (Lair:5)
  A torpor snail (Lair:6)
  A gargoyle (D:11)
  An ice statue (IceCv)
  5 spiny frogs
  18 rime drakes
  7 komodo dragons
  A queen bee (D:11)
  15 polar bears
  10 trolls
  3 dream sheep
  21 blink frogs
  6 hippogriffs
  A redback (Lair:2)
  Sigmund (D:6)
  4 wyverns
  34 yaks
  9 hogs
  A basilisk (Lair:5)
  A human (D:9)
  10 steam dragons (Lair:3)
  A warg (Orc:2)
  11 water moccasins
  9 porcupines
  2 sky beasts
  A swamp drake (D:10)
  4 ice beasts
  An eye of draining (D:9)
  6 phantoms
  3 ogres
  33 orc warriors
  14 wolves (IceCv)
  3 crocodiles
  2 centaurs
  2 big kobolds
  12 bullfrogs
  A gnoll sergeant (Orc:1)
  31 killer bees
  3 scorpions
  7 wights
  An electric eel (Lair:4)
  6 howler monkeys
  2 crimson imps
  2 centaur zombies
  A hound (D:10)
  22 jellies
  23 orc wizards
  Crazy Yiuf (D:5)
  2 bullfrog skeletons
  12 orc priests
  A centaur skeleton (D:10)
  8 worker ants
  Ijyb (D:5)
  4 iguanas
  A killer bee zombie (D:6)
  A hound zombie (D:6)
  A hound skeleton (D:4)
  A worker ant zombie (D:10)
  18 gnolls
  A howler monkey skeleton (D:11)
  11 adders
  2 river rats (Sewer)
  3 shadow imps
  12 white imps (Lair:5)
  4 oozes
  An adder skeleton (D:4)
  4 worms
  5 dart slugs
  10 leopard geckos
  81 orcs
  6 bats
  11 giant cockroaches
  21 goblins
  25 hobgoblins
  12 jackals
  3 quokkas
  4 ball pythons
  8 frilled lizards
  14 kobolds
  A leopard gecko skeleton (D:8)
  A quokka skeleton (D:6)
  18 rats
  A fungus (Orc:2)
  A plant (Lair:6)
721 creatures vanquished.

Vanquished Creatures (collateral kills)
  3 orc high priests (Orc:2)
  Urug (Orc:2)
  An orc sorcerer (Orc:2)
  4 trolls (Orc:2)
  11 orc warriors (Orc:2)
  2 ogres (Orc:2)
  A gnoll sergeant (Orc:2)
  An orc wizard (Orc:2)
  8 orcs (Orc:2)
  A fungus (Orc:2)
33 creatures vanquished.

Vanquished Creatures (others)
  2 polar bears (IceCv)
  3 yaks (IceCv)
  A human (Lair:6)
  A wolf (IceCv)
  An orc (D:10)
  9 fungi
  11 plants
28 creatures vanquished.

Grand Total: 782 creatures vanquished

Notes
Turn   | Place    | Note
-------+----------+-------------------------------------------
     0 | D:1      | Ihlosi the Human Gladiator began the quest for the Orb.
     0 | D:1      | Reached XP level 1. HP: 16/16 MP: 1/1
   196 | D:1      | Reached XP level 2. HP: 22/22 MP: 2/2
   344 | D:1      | Reached XP level 3. HP: 22/27 MP: 3/3
   885 | D:1      | Reached skill level 1 in Stealth
   885 | D:1      | Reached XP level 4. HP: 23/34 MP: 4/4
  1255 | D:2      | Reached skill level 1 in Armour
  1362 | D:2      | Found a faded altar of an unknown god.
  1553 | D:2      | Found a shimmering altar of Xom.
  1559 | D:2      | Found a shimmering altar of Xom.
  1560 | D:2      | Found a shimmering altar of Xom.
  1561 | D:2      | Found a shimmering altar of Xom.
  1561 | D:2      | Found a shimmering altar of Xom.
  1789 | D:2      | Found a shimmering altar of Xom.
  1980 | D:3      | Reached XP level 5. HP: 34/39 MP: 5/5
  2189 | D:3      | Noticed a phantom
  2551 | D:3      | You fall through a shaft!
  2724 | D:4      | Noticed an ogre
  2731 | D:4      | Killed an ogre
  2731 | D:4      | Reached skill level 3 in Fighting
  2731 | D:4      | Reached XP level 6. HP: 43/47 MP: 6/6
  3409 | D:4      | Noticed a phantom
  3489 | D:4      | Noticed a phantom
  3507 | D:4      | Reached XP level 7. HP: 52/52 MP: 7/7
  4038 | D:3      | Reached skill level 5 in Long Blades
  4847 | D:4      | Reached skill level 4 in Fighting
  4847 | D:4      | Reached XP level 8. HP: 5/60 MP: 8/8
  5131 | D:4      | Found Himef's Weapon Shop.
  5176 | D:4      | Found a staircase to the Ecumenical Temple.
  5298 | Temple   | Entered the Ecumenical Temple
  5459 | D:5      | Entered Level 5 of the Dungeon
  5459 | D:5      | Noticed Ijyb
  5775 | D:5      | Found a glowing drain.
  5836 | Sewer    | Entered a sewer
  6478 | D:5      | Killed Ijyb
  6567 | D:5      | Found a shadowy altar of Dithmenos.
  6816 | D:5      | Found a runed door.
  6821 | D:5      | Noticed Crazy Yiuf
  6826 | D:5      | Killed Crazy Yiuf
  6826 | D:5      | Reached skill level 5 in Dodging
  7126 | D:6      | Reached skill level 5 in Fighting
  7197 | D:6      | Noticed Sigmund
  7290 | D:6      | Reached skill level 1 in Evocations
  7397 | D:6      | Killed Sigmund
  7397 | D:6      | Reached skill level 6 in Fighting
  7397 | D:6      | Reached XP level 9. HP: 36/69 MP: 8/10
  7807 | D:6      | Found a shadowy altar of Dithmenos.
  7969 | D:6      | Noticed an oklob plant
  8571 | D:7      | Found a hazy altar of Hepliaklqana.
  8953 | D:7      | Reached skill level 7 in Fighting
  9094 | D:8      | Found a flagged portal.
  9102 | D:8      | Found Meucs's Antique Weapon Shoppe.
  9107 | D:8      | Bought a glowing triple sword for 338 gold pieces
  9162 | Bailey   | Entered a bailey
  9230 | Bailey   | Reached skill level 5 in Armour
  9399 | Bailey   | Noticed an orc knight
  9422 | Bailey   | Killed an orc knight
  9422 | Bailey   | Reached XP level 10. HP: 79/79 MP: 12/12
  9746 | Bailey   | Noticed an orc warlord
  9766 | Bailey   | Killed an orc warlord
  9766 | Bailey   | Reached skill level 8 in Fighting
  9868 | Bailey   | Noticed an orc knight
  9880 | Bailey   | Killed an orc knight
 10372 | Bailey   | Reached XP level 11. HP: 87/87 MP: 14/14
 10455 | Bailey   | Identified 2 scrolls of acquirement
 10670 | D:8      | Got a dazzling ring mail
 10675 | D:8      | Identified the +1 ring mail "Pakhesh" {*Drain Str+4 Dex+2}
                  | (You found it on level 8 of the Dungeon)
 10897 | D:8      | Reached skill level 9 in Fighting
 10897 | D:8      | Reached skill level 5 in Evocations
 10923 | D:8      | Found a hide-covered altar of Uskayaw.
 11155 | D:9      | Found a basalt altar of Yredelemnul.
 11243 | D:9      | Found a glowing golden altar of the Shining One.
 11250 | D:9      | Became a worshipper of the Shining One
 11408 | D:9      | Noticed a two-headed ogre
 11685 | D:9      | Found a glowing silver altar of Zin.
 11699 | D:9      | Killed a two-headed ogre
 11699 | D:9      | Reached skill level 10 in Long Blades
 11699 | D:9      | Reached skill level 1 in Invocations
 12027 | D:9      | Reached * piety under the Shining One
 12202 | D:10     | Entered Level 10 of the Dungeon
 12498 | D:10     | Found a staircase to the Orcish Mines.
 12979 | D:10     | Found a staircase to the Lair.
 13193 | D:11     | Noticed a green ugly thing
 13193 | D:11     | Noticed a manticore
 13219 | Lair:1   | Entered Level 1 of the Lair of Beasts
 13389 | Lair:1   | Found a runed door.
 13394 | Lair:1   | Noticed Pray4Patrick's ghost (novice DrBe)
 13416 | Lair:1   | Noticed an eight-headed hydra
 13416 | Lair:1   | Reached ** piety under the Shining One
 13442 | Lair:1   | Killed a seven-headed hydra
 13442 | Lair:1   | Reached XP level 12. HP: 97/97 MP: 16/16
 13819 | Lair:1   | Found a glowing golden altar of the Shining One.
 14241 | Lair:2   | Found a hole to the Spider Nest.
 14367 | Lair:2   | Noticed a seven-headed hydra
 14376 | Lair:2   | Killed a three-headed hydra
 14376 | Lair:2   | Reached skill level 10 in Fighting
 14583 | Lair:2   | Reached skill level 1 in Crossbows
 15255 | Lair:3   | Noticed a four-headed hydra
 15262 | Lair:3   | Killed a one-headed hydra
 15688 | Lair:3   | Noticed a seven-headed hydra
 15694 | Lair:3   | Killed a five-headed hydra
 15776 | Lair:3   | Noticed an eight-headed hydra
 15973 | Lair:3   | Killed a one-headed hydra
 15973 | Lair:3   | Reached XP level 13. HP: 39/104 MP: 17/17
 16115 | Lair:3   | Reached skill level 5 in Invocations
 16497 | Lair:3   | Reached skill level 11 in Fighting
 17765 | Lair:4   | Reached skill level 12 in Fighting
 17768 | Lair:4   | Found a staircase to the Shoals.
 17798 | Lair:4   | Noticed a four-headed hydra
 17803 | Lair:4   | Killed a one-headed hydra
 18316 | Lair:5   | Reached *** piety under the Shining One
 18343 | Lair:5   | Noticed a four-headed hydra
 18352 | Lair:5   | Killed a one-headed hydra
 18376 | Lair:5   | Found a frozen archway.
 18392 | Lair:5   | Reached XP level 14. HP: 103/116 MP: 18/18
 18396 | Lair:5   | Reached skill level 13 in Fighting
 18409 | Lair:5   | Reached **** piety under the Shining One
 18427 | IceCv    | Entered an ice cave
 18566 | IceCv    | Got a pitted granite ring
 18567 | IceCv    | Identified the ring "Selurph" {Ice SInv} (You acquired it
                  | in an ice cave)
 18684 | IceCv    | Got a wavering turquoise ring
 18690 | IceCv    | Identified the ring "Ipnylet" {rN+ Int+2} (You found it in
                  | an ice cave)
 18964 | IceCv    | Reached skill level 14 in Fighting
 19360 | IceCv    | Noticed a frost giant
 19378 | IceCv    | Killed a frost giant
 20414 | Lair:6   | Entered Level 6 of the Lair of Beasts
 20883 | Lair:6   | Found a staircase to the Slime Pits.
 20894 | Lair:6   | Reached XP level 15. HP: 124/127 MP: 20/20
 21019 | Lair:6   | Noticed Kirke
 21034 | Lair:6   | Killed Kirke
 21735 | Orc:1    | Entered Level 1 of the Orcish Mines
 21757 | Orc:1    | Found a roughly hewn altar of Beogh.
 22080 | Orc:2    | Entered Level 2 of the Orcish Mines
 22084 | Orc:2    | Noticed Urug
 22118 | Orc:2    | Found Nump's Book Shoppe.
 22118 | Orc:2    | Noticed an orc warlord
 22257 | Orc:1    | Killed an orc warlord
 22347 | Orc:2    | Found a staircase to the Elven Halls.
 22361 | Orc:2    | Reached ***** piety under the Shining One
 22375 | Orc:1    | Reached skill level 5 in Crossbows
 22810 | Orc:2    | Found Vaiminot's Antique Armour Boutique.
 22828 | Orc:2    | Bought a pair of runed boots for 210 gold pieces
 22828 | Orc:2    | Bought a heavily runed helmet for 266 gold pieces
 22839 | Orc:2    | Identified the +2 helmet of Filth {MR++ Int+4} (You bought
                  | it in a shop on level 2 of the Orcish Mines)
 22887 | Orc:2    | Found Piggial's General Store.
 22919 | Orc:2    | Killed Urug
 22942 | Orc:2    | Found Viwk's Antique Weapon Emporium.
 24347 | Lair:6   | Reached skill level 15 in Fighting
 25058 | D:11     | Found Hyqiusy's Armour Emporium.
 25090 | D:11     | Found a blossoming altar of Fedhas.
 25262 | D:11     | Found Apnuuhak's Weapon Boutique.
 25296 | D:11     | Found Osiast's Food Shop.
 25319 | D:11     | Found Dunuil's General Store.
 25332 | D:11     | Bought an uncursed ring of poison resistance for 300 gold
                  | pieces
 25332 | D:11     | Bought a scroll of immolation for 52 gold pieces
 25332 | D:11     | Bought a scroll of enchant weapon for 112 gold pieces
 25501 | D:11     | Noticed Fannar
 25514 | D:11     | Killed Fannar
 25582 | D:12     | Reached XP level 16. HP: 136/136 MP: 22/22
 25756 | D:12     | Annihilated by a titanic slime creature

Skill      XL: |  1  2  3  4  5  6  7  8  9 10 11 12 13 14 15 |
---------------+----------------------------------------------+-----
Stealth        | 1 |  1.0
Armour         | 1 2 3 4 5 6 7 8 9 |  9.8
Dodging        | 4 5 6 7 9 |  9.7
Fighting       | 3 4 6 7 8 9 10 12 14 15 | 15.1
Long Blades    | 4 5 6 7 9 11 12 13 14 | 14.2
Evocations     | 1 3 4 6 |  6.0
Invocations    | 3 4 6 7 8 |  8.3
Crossbows      | 2 3 4 5 |  5.8
Throwing       | |  2.0

Action                   |  1- 3 |  4- 6 |  7- 9 | 10-12 | 13-15 | 16-18 || total
-------------------------+-------+-------+-------+-------+-------+-------++-------
Melee: Long sword        |    14 |   126 |   386 |       |       |       ||   526
       Dagger            |    86 |    31 |    63 |     6 |       |       ||   186
       Triple sword      |       |       |    66 |   345 |   680 |    17 ||  1108
       Scimitar          |       |       |    13 |       |       |       ||    13
       Great sword       |       |       |       |     6 |       |       ||     6
 Fire: Arbalest          |       |       |       |     4 |     3 |       ||     7
Throw: Throwing net      |       |     2 |     2 |       |       |       ||     4
Invok: Summon Divine War |       |       |       |       |     2 |       ||     2
 Abil: Evoke Berserk Rag |       |       |     1 |     1 |     2 |       ||     4
Evoke: Wand              |       |       |    18 |    12 |    30 |       ||    60
  Use: Scroll            |       |     3 |    17 |    13 |    17 |     2 ||    52
       Potion            |       |       |     9 |     1 |     1 |       ||    11
 Stab: Sleeping          |     3 |     5 |    10 |     1 |       |       ||    19
       Held in net/web   |       |     1 |       |       |       |       ||     1
       Paralysed         |       |       |    16 |     6 |       |       ||    22
       Invisible         |       |       |     5 |       |       |       ||     5
  Eat: Chunk             |       |     8 |    14 |    16 |    35 |       ||    73
       Ration            |       |       |     2 |     2 |       |       ||     4
Armor: Leather armour    |    45 |    29 |   130 |    63 |       |       ||   267
       Troll leather arm |       |       |       |    29 |   273 |     7 ||   309
Dodge: Dodged            |    87 |   123 |   381 |   332 |   822 |    13 ||  1758
       Rpst.: Long sword |     7 |    32 |    92 |       |       |       ||   131
       Triple sword      |       |       |    17 |    79 |   178 |     6 ||   280
       Scimitar          |       |       |     3 |       |       |       ||     3
       Great sword       |       |       |       |     1 |       |       ||     1
